 Dungeon Crawl Stone Soup version 0.29.0-4-gdea44cf6ec (webtiles) character file.

Game seed: 13663399269305908680

8425 qw the Severer (level 11, -5/97 HPs)
             Began as a Minotaur Berserker on Sept 9, 2022.
             Was an Elder of Trog.
             Killed from afar by an electric eel (7 damage)
             ... with a bolt of electricity
             ... on level 10 of the Dungeon.
             The game lasted 00:03:35 (10534 turns).

qw the Severer (Minotaur Berserker)                Turns: 10534, Time: 00:03:36

Health: -5/97      AC: 17    Str: 27    XL:     11   Next: 9%
Magic:  10/10      EV:  8    Int:  8    God:    Trog [****..]
Gold:   320        SH:  5    Dex: 13    Spells: 10/10 levels left

rFire   . . .      SeeInvis +   j - +0 war axe
rCold   + . .      Faith    .   h - +0 buckler
rNeg    . . .      Spirit   .   c - +0 plate armour
rPois   .          Reflect  .   (helmet restricted)
rElec   .          Harm     .   m - +0 cloak
rCorr   .          Rampage  .   (no gloves)
Will    .....                   a - +1 pair of boots
Stlth   ..........              b - amulet of regeneration
HPRegen 1.06/turn               k - ring "Edduijew" {rC+ Will- Int+4 Dex+4 SInv}
MPRegen 0.12/turn               d - +4 ring of slaying {mikee}

@: about to teleport, on berserk cooldown, slowed, very slow
A: horns 2, retaliatory headbutt
a: Renounce Religion, Berserk, Trog's Hand, Brothers in Arms


You were on level 10 of the Dungeon.
You worshipped Trog.
Trog was greatly pleased with you.
You visited 1 branch of the dungeon, and saw 10 of its levels.

You collected 870 gold pieces.
You spent 550 gold pieces at shops.


Innate Abilities, Weirdness & Mutations

You have a pair of horns on your head.
You reflexively headbutt those who attack you in melee.


   Skills:
 - Level 9.4 Fighting
 + Level 15.7 Axes
 - Level 2.0 Throwing
 - Level 8.1 Armour
 - Level 3.4 Dodging
 - Level 5.2 Shields


You had 10 spell levels left.
You didn't know any spells.
Your spell library was empty.

Inventory:

Hand Weapons
 f - a +3 morningstar
 j - a +0 war axe (weapon)
Armour
 a - a +1 pair of boots (worn)
 c - a +0 plate armour (worn)
 h - a +0 buckler (worn)
 m - a +0 cloak (worn)
Jewellery
 b - an amulet of regeneration (around neck)
 d - a +4 ring of slaying (right hand) {mikee}
 k - the ring "Edduijew" (left hand) {rC+ Will- Int+4 Dex+4 SInv}
   (You bought it in a shop on level 8 of the Dungeon)

   [ring of protection from cold]

   Int:       It affects your intelligence (+4).
   Dex:       It affects your dexterity (+4).
   rC:        It protects you from cold.
   SInv:      It lets you see invisible.
   Will:      It decreases your willpower.
 Y - a +4 ring of evasion
Scrolls
 e - 2 scrolls of teleportation
 g - 6 scrolls of identify
Potions
 l - 2 potions of might
 o - a potion of mutation

Dungeon Overview and Level Annotations

Branches:
Dungeon (10/15)            Temple (0/1) D:6
   Lair: D:8-11         Orc: D:9-12

Altars:
Ashenzari
Dithmenos
Fedhas
Gozag
Kikubaaqudgha
Ru
Sif Muna
Wu Jian
Xom

Shops:
D:5 *   D:8 =

Annotations:
D:2 1 runed translucent door, Crazy Yiuf


Message History

You feel much better.
The electric eel shoots out a bolt of lightning at you!
The bolt of electricity hits you but does no damage.
You enter the shallow water.
Moving in this stuff is going to be slow.
The electric eel shoots out a bolt of lightning at you!
The bolt of electricity misses you.
The electric eel shoots out a bolt of lightning at you!
The bolt of electricity hits the electric eel.
The electric eel completely resists.
The bolt of electricity hits you!
The electric eel shoots out a bolt of lightning at you!
The bolt of electricity hits you.
The electric eel shoots out a bolt of lightning at you!
The bolt of electricity hits you.
The electric eel shoots out a bolt of lightning at you!
The bolt of electricity hits the electric eel.
The electric eel completely resists.
The bolt of electricity hits you.
10533 ||| DRINKING potion of heal wounds.
You feel much better.
Your surroundings seem slightly different.
Splash!
Found a wand of roots (7) and a silver wand.
The electric eel shoots out a bolt of lightning at you!
The bolt of electricity hits you.
The electric eel shoots out a bolt of lightning at you!
The bolt of electricity hits the electric eel.
The electric eel completely resists.
The bolt of electricity hits you.
10534 ||| READING 3 scrolls of teleportation.
As you read the scroll of teleportation, it crumbles to dust.
You feel strangely unstable.
The electric eel shoots out a bolt of lightning at you!
The bolt of electricity hits the electric eel.
The electric eel completely resists.
The bolt of electricity hits you!
The electric eel shoots out a bolt of lightning at you!
The bolt of electricity misses you.
The electric eel shoots out a bolt of lightning at you!
The bolt of electricity hits you!
The electric eel shoots out a bolt of lightning at you!
The bolt of electricity hits you!
You die...

#####
./...#####
.##......##
/.........#
~..!.~Y@..#
~~~..Y~~..#
~~~.~~~...#
~~.~~SS...#
~.~~~~SS..#
.~~~~~~~..#
.........%#
~~~~~~~~%.#
.~~~~..%..####


You could see 2 yaks and 4 electric eels.

Vanquished Creatures
  A two-headed ogre (D:8)
  A kobold demonologist (D:10)
  A hornet (D:10)
  A troll (D:10)
  A spriggan (shapeshifter) (D:10)
  A shadow (D:10)
  A wraith (D:10)
  12 yaks
  2 steam dragons
  4 vampire mosquitoes (D:10)
  Edmund (D:6)
  An acid dragon (D:6)
  3 water moccasins
  Duvessa (D:7)
  An ice beast (D:6)
  2 sky beasts
  3 ogres
  An orc warrior (D:6)
  A black bear (D:3)
  2 wolves (D:10)
  A centaur (D:6)
  3 kobold brigands
  2 bullfrogs
  A necrophage (D:7)
  13 wights
  Dowan (D:7)
  5 killer bees (D:7)
  3 howler monkeys (D:8)
  An electric eel (D:10)
  6 hounds
  2 jellies
  A gnoll bouda (D:7)
  5 orc priests
  5 iguanas
  7 orc wizards
  13 gnolls
  10 adders
  2 river rats (D:6)
  3 white imps (D:7)
  An ufetubus (D:4)
  A worm (D:4)
  3 dart slugs
  40 orcs
  4 endoplasms
  6 giant cockroaches
  10 goblins
  11 hobgoblins
  7 jackals
  2 quokkas (D:4)
  11 ball pythons
  4 bats
  7 frilled lizards
  20 kobolds
  12 rats
264 creatures vanquished.

Vanquished Creatures (others)
  6 plants (D:6)
  3 withered plants (D:6)
9 creatures vanquished.

Grand Total: 273 creatures vanquished

Notes
Turn   | Place    | Note
-------+----------+-------------------------------------------
     0 | D:1      | qw the Minotaur Berserker began the quest for the Orb.
     0 | D:1      | Reached XP level 1. HP: 19/19 MP: 0/0
     0 | D:1      | 0 ||| qw: Version: 0.1-a-113-g051387a
     0 | D:1      | 0 ||| qw: Game counter: 7182
     0 | D:1      | 0 ||| qw: Always use a shield: true
     0 | D:1      | 0 ||| qw: Do Orc after D:15 true
     0 | D:1      | 0 ||| qw: Do second Lair branch before Depths: true
     0 | D:1      | 0 ||| qw: Lair rune preference: random
     0 | D:1      | 0 ||| qw: Plans: Normal
     0 | D:1      | 0 ||| PLANNING D:1-11
    60 | D:1      | Reached skill level 4 in Axes
   115 | D:1      | Reached XP level 2. HP: 26/26 MP: 1/1
   329 | D:1      | 329 ||| Stepping ~*~*~tactically~*~*~ (stealth).
   371 | D:1      | 371 ||| Stepping ~*~*~tactically~*~*~ (hiding).
   378 | D:1      | Reached skill level 5 in Axes
   507 | D:1      | Reached ** piety under Trog
   509 | D:1      | Reached XP level 3. HP: 27/31 MP: 2/2
   935 | D:1      | 935 ||| UPGRADING to +0 buckler.
   940 | D:1      | 940 ||| UPGRADING to +0 scale mail.
   950 | D:1      | 950 ||| DROPPING +0 animal skin.
   951 | D:1      | 951 ||| READING 2 scrolls labelled NUAMMAQO WIVA.
   952 | D:1      | 952 ||| READING scroll of brand weapon.
   952 | D:1      | 952 ||| BRANDING +0 hand axe of venom.
   953 | D:1      | 953 ||| READING scroll labelled JEIGESKAXZA.
   954 | D:1      | 954 ||| READING scroll labelled NEBREO ENIVO.
   955 | D:1      | 955 ||| READING 2 scrolls labelled IBIXKO YFUSOASSAA.
   956 | D:1      | 956 ||| READING scroll labelled XOWNAT VYIQIKE.
   957 | D:1      | 957 ||| READING scroll labelled PATAUXTI OSMING.
   979 | D:2      | 979 ||| STAIRDANCE
   985 | D:1      | Reached skill level 1 in Shields
  1224 | D:2      | 1224 ||| DROPPING +0 club.
  1288 | D:2      | Reached XP level 4. HP: 39/39 MP: 3/3
  1303 | D:2      | 1303 ||| Stepping ~*~*~tactically~*~*~ (stealth).
  1477 | D:2      | Found a runed translucent door.
  1478 | D:2      | Noticed Crazy Yiuf
  1481 | D:2      | 1481 ||| UPGRADING to +0 chain mail.
  1491 | D:2      | 1491 ||| DROPPING +0 scale mail.
  1492 | D:2      | 1492 ||| READING 3 scrolls of identify.
  1492 | D:2      | 1492 ||| IDENTIFYING grey potion
  1493 | D:2      | 1493 ||| READING 2 scrolls of identify.
  1493 | D:2      | 1493 ||| IDENTIFYING metallic golden potion
  1494 | D:2      | 1494 ||| DROPPING potion of degeneration.
  1635 | D:3      | Noticed a black bear
  1636 | D:3      | 1636 ||| INVOKING Berserk.
  1638 | D:3      | Killed a black bear
  1639 | D:3      | Reached skill level 7 in Axes
  1639 | D:3      | Reached XP level 5. HP: 45/45 MP: 4/4
  1759 | D:3      | Found a shimmering blue altar of Sif Muna.
  1883 | D:3      | 1883 ||| DROPPING +1 mace of protection.
  2085 | D:3      | Found a broken altar of Ashenzari.
  2094 | D:3      | 2094 ||| Stepping ~*~*~tactically~*~*~ (stealth).
  2095 | D:3      | 2095 ||| Stepping ~*~*~tactically~*~*~ (stealth).
  2130 | D:3      | Found an opulent altar of Gozag.
  2185 | D:3      | You fall into a shaft and drop 2 floors!
  2185 | D:5      | Entered Level 5 of the Dungeon
  2239 | D:5      | Noticed an ogre
  2243 | D:5      | 2243 ||| INVOKING Berserk.
  2248 | D:5      | Killed an ogre
  2249 | D:5      | Reached XP level 6. HP: 56/56 MP: 5/5
  2397 | D:5      | Found Kaonnel's Assorted Antiques.
  2401 | D:5      | 2401 ||| BUYING fizzy inky potion (15 gold).
  2401 | D:5      | Bought a fizzy inky potion for 15 gold pieces
  2401 | D:5      | 2401 ||| BUYING fizzy pink potion (15 gold).
  2401 | D:5      | Bought a fizzy pink potion for 15 gold pieces
  2401 | D:5      | 2401 ||| SHOPLISTING plate armour (391 gold, have 173).
  2401 | D:5      | 2401 ||| BUYING scroll labelled GAES UTUOPOQI (17 gold).
  2401 | D:5      | Bought a scroll labelled GAES UTUOPOQI for 17 gold pieces
  2401 | D:5      | 2401 ||| BUYING viscous grey potion (15 gold).
  2401 | D:5      | Bought a viscous grey potion for 15 gold pieces
  2568 | D:5      | 2568 ||| INVOKING Berserk.
  3018 | D:5      | 3018 ||| READING scroll labelled ZIH UHUHAPHUY.
  3164 | D:5      | 3164 ||| READING scroll labelled JAXAPHAZEOMM.
  3165 | D:5      | 3165 ||| READING scroll labelled FYME IMNOEKHATZ.
  3166 | D:5      | 3166 ||| READING 2 scrolls labelled SANICV QAUZEALUBYQ.
  3167 | D:5      | 3167 ||| READING scroll labelled XERINEGGUA.
  3168 | D:5      | 3168 ||| READING 2 scrolls labelled ERIMISHELAO.
  3169 | D:5      | 3169 ||| READING scroll labelled GAES UTUOPOQI.
  3173 | D:5      | 3173 ||| READING 3 scrolls of identify.
  3173 | D:5      | 3173 ||| IDENTIFYING golden potion
  3174 | D:5      | 3174 ||| READING 2 scrolls of identify.
  3174 | D:5      | 3174 ||| IDENTIFYING murky white potion
  3175 | D:5      | 3175 ||| DROPPING scroll of vulnerability.
  3176 | D:5      | 3176 ||| DROPPING scroll of fog.
  3177 | D:5      | 3177 ||| DROPPING potion of attraction.
  3280 | D:4      | 3280 ||| Stepping ~*~*~tactically~*~*~ (stealth).
  3282 | D:4      | 3282 ||| Stepping ~*~*~tactically~*~*~ (hiding).
  3283 | D:4      | 3283 ||| Stepping ~*~*~tactically~*~*~ (hiding).
  3285 | D:4      | 3285 ||| Stepping ~*~*~tactically~*~*~ (hiding).
  3290 | D:4      | 3290 ||| INVOKING Berserk.
  3295 | D:4      | Reached skill level 8 in Axes
  3344 | D:4      | 3344 ||| Stepping ~*~*~tactically~*~*~ (stealth).
  3349 | D:4      | 3349 ||| INVOKING Berserk.
  3354 | D:4      | Reached XP level 7. HP: 35/61 MP: 6/6
  3399 | D:4      | 3399 ||| Stepping ~*~*~tactically~*~*~ (stealth).
  3409 | D:4      | 3409 ||| Stepping ~*~*~tactically~*~*~ (stealth).
  3410 | D:4      | 3410 ||| Stepping ~*~*~tactically~*~*~ (stealth).
  3413 | D:4      | 3413 ||| INVOKING Berserk.
  3421 | D:4      | Reached skill level 9 in Axes
  3557 | D:4      | 3557 ||| Stepping ~*~*~tactically~*~*~ (stealth).
  3561 | D:4      | 3561 ||| Stepping ~*~*~tactically~*~*~ (stealth).
  3568 | D:4      | 3568 ||| Stepping ~*~*~tactically~*~*~ (stealth).
  3569 | D:4      | 3569 ||| Stepping ~*~*~tactically~*~*~ (stealth).
  3572 | D:4      | 3572 ||| Stepping ~*~*~tactically~*~*~ (stealth).
  3573 | D:4      | 3573 ||| Stepping ~*~*~tactically~*~*~ (stealth).
  3595 | D:4      | 3595 ||| INVOKING Berserk.
  3598 | D:4      | Reached skill level 3 in Shields
  3814 | D:4      | 3814 ||| Stepping ~*~*~tactically~*~*~ (stealth).
  3816 | D:4      | 3816 ||| Stepping ~*~*~tactically~*~*~ (stealth).
  3832 | D:4      | Reached skill level 3 in Armour
  3841 | D:4      | Reached *** piety under Trog
  4016 | D:4      | 4016 ||| DRINKING 2 viscous grey potions.
  4121 | D:4      | 4121 ||| READING 2 scrolls of identify.
  4121 | D:4      | 4121 ||| IDENTIFYING fizzy inky potion
  4122 | D:4      | 4122 ||| DROPPING potion of berserk rage.
  4451 | D:4      | 4451 ||| Stepping ~*~*~tactically~*~*~ (stealth).
  4542 | D:4      | 4542 ||| Stepping ~*~*~tactically~*~*~ (hiding).
  4628 | D:4      | 4628 ||| Stepping ~*~*~tactically~*~*~ (stealth).
  5105 | D:5      | 5105 ||| Stepping ~*~*~tactically~*~*~ (hiding).
  5118 | D:5      | 5118 ||| Stepping ~*~*~tactically~*~*~ (stealth).
  5126 | D:5      | 5126 ||| INVOKING Berserk.
  5395 | D:5      | 5395 ||| READING 3 scrolls of brand weapon.
  5395 | D:5      | 5395 ||| BRANDING +0 hand axe of protection.
  5396 | D:5      | 5396 ||| READING 2 scrolls of brand weapon.
  5396 | D:5      | 5396 ||| BRANDING +0 hand axe of draining.
  5397 | D:5      | 5397 ||| READING scroll of brand weapon.
  5397 | D:5      | 5397 ||| BRANDING +0 vorpal hand axe.
  5657 | D:6      | 5657 ||| PLANNING SEWER
  5675 | D:6      | Reached skill level 10 in Axes
  5675 | D:6      | Reached XP level 8. HP: 68/68 MP: 7/7
  5731 | D:6      | 5731 ||| INVOKING Berserk.
  5734 | D:6      | Reached skill level 1 in Throwing
  5736 | D:6      | HP: 24/102 [poisoned by a gnoll]
  5739 | D:6      | 5739 ||| DRINKING potion of heal wounds.
  5992 | D:6      | Found a shadowy altar of Dithmenos.
  6043 | D:6      | Found a staircase to the Ecumenical Temple.
  6194 | D:6      | Noticed Edmund
  6197 | D:6      | 6197 ||| Stepping ~*~*~tactically~*~*~ (stealth).
  6198 | D:6      | 6198 ||| INVOKING Berserk.
  6201 | D:6      | Killed Edmund
  6202 | D:6      | Reached skill level 6 in Fighting
  6243 | D:6      | 6243 ||| Stepping ~*~*~tactically~*~*~ (stealth).
  6274 | D:6      | 6274 ||| Stepping ~*~*~tactically~*~*~ (stealth).
  6278 | D:6      | 6278 ||| INVOKING Berserk.
  6311 | D:6      | 6311 ||| Stepping ~*~*~tactically~*~*~ (stealth).
  6313 | D:6      | 6313 ||| Stepping ~*~*~tactically~*~*~ (stealth).
  6336 | D:6      | 6336 ||| RIP SEWER
  6411 | D:6      | 6411 ||| PLANNING D:1-11
  6431 | D:6      | 6431 ||| Stepping ~*~*~tactically~*~*~ (stealth).
  6441 | D:6      | 6441 ||| DROPPING +0 flail.
  6444 | D:6      | 6444 ||| Stepping ~*~*~tactically~*~*~ (stealth).
  6445 | D:6      | 6445 ||| Stepping ~*~*~tactically~*~*~ (stealth).
  6449 | D:6      | 6449 ||| INVOKING Berserk.
  6457 | D:6      | Reached skill level 11 in Axes
  6510 | D:6      | Found an ancient bone altar of Kikubaaqudgha.
  6511 | D:6      | Found a blossoming altar of Fedhas.
  6674 | D:6      | Found an ornate altar of the Wu Jian Council.
  6682 | D:6      | 6682 ||| Stepping ~*~*~tactically~*~*~ (stealth).
  6692 | D:6      | 6692 ||| Stepping ~*~*~tactically~*~*~ (stealth).
  6719 | D:6      | 6719 ||| Stepping ~*~*~tactically~*~*~ (hiding).
  6727 | D:6      | 6727 ||| INVOKING Berserk.
  6767 | D:6      | 6767 ||| Stepping ~*~*~tactically~*~*~ (stealth).
  6770 | D:6      | 6770 ||| Stepping ~*~*~tactically~*~*~ (stealth).
  6771 | D:6      | 6771 ||| Stepping ~*~*~tactically~*~*~ (stealth).
  6776 | D:6      | 6776 ||| Stepping ~*~*~tactically~*~*~ (stealth).
  6777 | D:6      | 6777 ||| Stepping ~*~*~tactically~*~*~ (stealth).
  6803 | D:6      | Reached skill level 12 in Axes
  6857 | D:6      | Found a sacrificial altar of Ru.
  6952 | D:6      | 6952 ||| Stepping ~*~*~tactically~*~*~ (stealth).
  6953 | D:6      | 6953 ||| Stepping ~*~*~tactically~*~*~ (stealth).
  6972 | D:6      | 6972 ||| UPGRADING to +0 plate armour.
  6982 | D:6      | 6982 ||| DROPPING +0 chain mail.
  6983 | D:6      | 6983 ||| UPGRADING to +0 cloak.
  6988 | D:6      | 6988 ||| UPGRADING to +4 ring of evasion.
  6989 | D:6      | 6989 ||| READING scroll labelled XYOXTI YDIGE.
  6990 | D:6      | 6990 ||| READING scroll labelled EBODUUCRUA MIUV.
  7091 | D:6      | 7091 ||| READING 3 scrolls of identify.
  7091 | D:6      | 7091 ||| IDENTIFYING bubbling cyan potion
  7092 | D:6      | 7092 ||| READING 2 scrolls of identify.
  7092 | D:6      | 7092 ||| IDENTIFYING fizzy pink potion
  7093 | D:6      | 7093 ||| DROPPING potion of lignification.
  7094 | D:6      | 7094 ||| DROPPING potion of ambrosia.
  7147 | D:7      | Noticed Duvessa
  7150 | D:7      | 7150 ||| INVOKING Berserk.
  7153 | D:7      | Killed Duvessa
  7154 | D:7      | Reached XP level 9. HP: 78/78 MP: 8/8
  7165 | D:7      | Noticed Dowan
  7167 | D:7      | Killed Dowan
  7189 | D:7      | 7189 ||| FLEEEEING.
  7190 | D:7      | 7190 ||| FLEEEEING.
  7192 | D:7      | 7192 ||| Stepping ~*~*~tactically~*~*~ (hiding).
  7401 | D:7      | 7401 ||| SWAPPING to +0 war axe.
  7408 | D:7      | Reached **** piety under Trog
  7409 | D:7      | 7409 ||| DROPPING +0 hand axe of draining.
  7422 | D:7      | 7422 ||| Stepping ~*~*~tactically~*~*~ (hiding).
  7423 | D:7      | 7423 ||| Stepping ~*~*~tactically~*~*~ (hiding).
  7425 | D:7      | 7425 ||| Stepping ~*~*~tactically~*~*~ (hiding).
  7481 | D:7      | 7481 ||| Stepping ~*~*~tactically~*~*~ (stealth).
  7483 | D:7      | 7483 ||| Stepping ~*~*~tactically~*~*~ (stealth).
  7484 | D:7      | 7484 ||| FLEEEEING.
  7540 | D:7      | 7540 ||| DROPPING +1 flail of venom.
  7544 | D:7      | 7544 ||| Stepping ~*~*~tactically~*~*~ (stealth).
  7546 | D:7      | 7546 ||| Stepping ~*~*~tactically~*~*~ (hiding).
  7547 | D:7      | 7547 ||| Stepping ~*~*~tactically~*~*~ (hiding).
  7549 | D:7      | 7549 ||| Stepping ~*~*~tactically~*~*~ (hiding).
  7559 | D:7      | Reached skill level 6 in Armour
  7570 | D:7      | 7570 ||| Stepping ~*~*~tactically~*~*~ (stealth).
  7595 | D:7      | 7595 ||| DRINKING potion of curing.
  7595 | D:7      | 7595 ||| (to cure confusion)
  7708 | D:7      | 7708 ||| INVOKING Berserk.
  7968 | D:7      | 7968 ||| INVOKING Berserk.
  8234 | D:7      | 8234 ||| UPGRADING to +1 pair of boots.
  8239 | D:7      | 8239 ||| READING scroll labelled FOTEIW EFUCWUV.
  8256 | D:8      | Found Fauhett's Jewellery Shop.
  8265 | D:8      | Reached skill level 13 in Axes
  8353 | D:8      | Noticed a two-headed ogre
  8359 | D:8      | 8359 ||| INVOKING Berserk.
  8364 | D:8      | Killed a two-headed ogre
  8365 | D:8      | Reached skill level 9 in Fighting
  8365 | D:8      | Reached XP level 10. HP: 91/91 MP: 9/9
  8652 | D:8      | 8652 ||| BUYING ring "Edduijew" {rC+ Will- Int+4 Dex+4
                  | SInv} (488 gold).
  8652 | D:8      | Bought the ring "Edduijew" {rC+ Will- Int+4 Dex+4 SInv} for
                  | 488 gold pieces
  8652 | D:8      | 8652 ||| SHOPLISTING ring of protection from fire (250
                  | gold, have 218).
  8703 | D:8      | 8703 ||| Stepping ~*~*~tactically~*~*~ (cloud).
  8708 | D:8      | 8708 ||| INVOKING Berserk.
  9168 | D:8      | 9168 ||| UPGRADING to +4 ring of slaying {mikee}.
  9169 | D:8      | 9169 ||| DROPPING ring of ice.
  9170 | D:8      | 9170 ||| UPGRADING to ring "Edduijew" {rC+ Will- Int+4
                  | Dex+4 SInv}.
  9172 | D:8      | 9172 ||| READING 3 scrolls of identify.
  9172 | D:8      | 9172 ||| IDENTIFYING lumpy puce potion
  9202 | D:9      | 9202 ||| STAIRDANCE
  9243 | D:9      | 9243 ||| STAIRDANCE
  9247 | D:8      | Reached skill level 3 in Dodging
  9543 | D:9      | 9543 ||| Stepping ~*~*~tactically~*~*~ (stealth).
  9546 | D:9      | 9546 ||| Stepping ~*~*~tactically~*~*~ (stealth).
  9559 | D:9      | Reached skill level 14 in Axes
  9584 | D:9      | 9584 ||| Stepping ~*~*~tactically~*~*~ (stealth).
  9601 | D:9      | 9601 ||| FLEEEEING.
  9603 | D:9      | 9603 ||| STAIRDANCE
  9709 | D:9      | Found a shimmering altar of Xom.
  9841 | D:9      | 9841 ||| Stepping ~*~*~tactically~*~*~ (stealth).
 10167 | D:10     | Entered Level 10 of the Dungeon
 10177 | D:10     | Reached skill level 15 in Axes
 10198 | D:10     | 10198 ||| INVOKING Berserk.
 10424 | D:10     | 10424 ||| UPGRADING to amulet of regeneration.
 10497 | D:10     | 10497 ||| Stepping ~*~*~tactically~*~*~ (stealth).
 10499 | D:10     | 10499 ||| Stepping ~*~*~tactically~*~*~ (stealth).
 10501 | D:10     | 10501 ||| Stepping ~*~*~tactically~*~*~ (stealth).
 10503 | D:10     | 10503 ||| INVOKING Berserk.
 10510 | D:10     | Reached XP level 11. HP: 97/97 MP: 10/10
 10529 | D:10     | HP: 15/97 [electric eel/bolt of electricity (12)]
 10530 | D:10     | 10530 ||| READING 4 scrolls of teleportation.
 10531 | D:10     | 10531 ||| DRINKING 2 potions of heal wounds.
 10533 | D:10     | 10533 ||| DRINKING potion of heal wounds.
 10534 | D:10     | 10534 ||| READING 3 scrolls of teleportation.
 10534 | D:10     | HP: 15/97 [electric eel/bolt of electricity (8)]
 10534 | D:10     | HP: 2/97 [electric eel/bolt of electricity (13)]
 10534 | D:10     | Killed from afar by an electric eel

Levels and vault maps discovered:
D:1:      lightli_arrival_maybe_door_vault, layout_basic
D:2:      layout_rooms, uniq_crazy_yiuf_cottage
D:3:      layout_loops_ring, mainiacjoe_overflow_tiny_flanked,
          mainiacjoe_overflow_cross_hatched, grunt_gozag_statues
D:4:      minmay_polygon_palace, layout_basic, lightli_corner_chamber
D:5:      layout_gridville, serial_shops, shop
D:6:      layout_basic, grunt_temple_overflow_growth_and_decay,
          overflow_temple_1_default, mainiacjoe_overflow_brackets,
          mainiacjoe_overflow_alcove_2, temple_doors_e, portal_sewer_entry_b,
          grunt_ministairs_8, minmay_misc_feat_roman, uniq_edmund
D:7:      layout_basic, uniq_duvessa
D:8:      layout_cave_pods, serial_shops, nicolae_stop_n_shop_2
D:9:      layout_roguey, mainiacjoe_overflow_24_doors
D:10:     layout_basic, trog_three_pillars_becter, erik_lair_island,
          enter_trove_1, lightli_bailey_entry_fortress, grunt_ogre_cave,
          kennysheep_island_fort, uniq_urug

Skill      XL: |  1  2  3  4  5  6  7  8  9 10 |
---------------+-------------------------------+-----
Axes           | 4 5 7 8 10 12 13 15 | 15.7
Shields        | 1 2 3 4 5 |  5.2
Fighting       | 5 6 9 |  9.4
Armour         | 3 6 8 |  8.1
Throwing       | 1 2 |  2.0
Dodging        | 3 |  3.4

Action                   |  1- 3 |  4- 6 |  7- 9 | 10-12 || total
-------------------------+-------+-------+-------+-------++-------
Melee: Hand axe          |    93 |   105 |   254 |       ||   452
       Headbutt          |     8 |    14 |    44 |    26 ||    92
       War axe           |       |       |    97 |   126 ||   223
Throw: Boomerang         |       |       |    77 |     9 ||    86
Invok: Berserk           |       |     5 |    12 |     3 ||    20
  Use: Scroll            |     7 |    11 |     9 |     3 ||    30
       Potion            |       |       |     3 |     2 ||     5
Armor: Animal skin       |     9 |       |       |       ||     9
       Scale mail        |     4 |     4 |       |       ||     8
       Chain mail        |       |    49 |    64 |       ||   113
       Plate armour      |       |       |    49 |    54 ||   103
Dodge: Dodged            |    44 |    30 |   120 |    40 ||   234
Block: Buckler           |     4 |     7 |    66 |    33 ||   110

Table legend:
 A = Non-vault XP
 B = Vault XP
 C = Vault XP percentage of total XP
 D = Non-vault monster count
 E = Vault monster count
 F = Vault count percentage of total count
                 A         B        C        D         E       F
            +---------+---------+-------+---------+---------+-------
      Total |   10013 |    2024 |  16.8 |     229 |      35 |  13.3
            +---------+---------+-------+---------+---------+-------
        D:1 |      59 |       0 |   0.0 |      27 |       0 |   0.0
        D:2 |      50 |       0 |   0.0 |      17 |       0 |   0.0
        D:3 |     183 |       0 |   0.0 |      26 |       0 |   0.0
        D:4 |     467 |     160 |  25.5 |      35 |      16 |  31.4
        D:5 |     372 |       0 |   0.0 |       9 |       0 |   0.0
        D:6 |    1151 |     347 |  23.2 |      23 |       8 |  25.8
        D:7 |    1270 |     202 |  13.7 |      38 |       2 |   5.0
        D:8 |    2858 |       0 |   0.0 |      21 |       0 |   0.0
        D:9 |    1946 |       0 |   0.0 |      25 |       0 |   0.0
       D:10 |    1657 |    1315 |  44.2 |       8 |       9 |  52.9
            +---------+---------+-------+---------+---------+-------
